 Dungeon Crawl Stone Soup version 0.23.0 (webtiles) character file.

Game seed: 9589060800856543970

97 Gadfly the Sneak (level 4, -12/30 HPs)
             Began as an Octopode Assassin on Feb 14, 2019.
             Killed by divine providence
             ... invoked by an orc priest
              (14 damage)
             ... on level 3 of the Dungeon.
             The game lasted 00:02:23 (1455 turns).

Gadfly the Sneak (Octopode Assassin)                Turns: 1455, Time: 00:02:24

Health: -12/30     AC:  8    Str: 10    XL:     4   Next: 68%
Magic:  4/4        EV: 19    Int: 13    God:
Gold:   68         SH:  0    Dex: 19    Spells: 3/3 levels left

rFire    . . .     SeeInvis .   g - +0 dagger (protect)
rCold    . . .     Gourm    .   (no shield)
rNeg     . . .     Faith    .   (helmet restricted)
rPois    .         Spirit   .   (no amulet)
rElec    .         Reflect  .   r - ring of stealth
rCorr    .         Harm     .   (no ring)
MR       .....                  (no ring)
Stlth    +++++++...             (no ring)
HPRegen  0.10/turn              (no ring)
MPRegen  0.09/turn              (no ring)
                                (no ring)
                                (no ring)

@: agile, protection aura
A: almost no armour, stealthy swim, amphibious, 8 rings, constrict 8, camouflage
1, gelatinous body 1
a: no special abilities


You were on level 3 of the Dungeon.
You were not hungry.

You visited 1 branch of the dungeon, and saw 3 of its levels.

You collected 68 gold pieces.

Inventory:

Hand Weapons
 a - a +2 dagger
 b - a +0 blowgun
 g - a +0 dagger of protection (weapon)
Missiles
 c - 28 poisoned needles
 d - 2 curare-tipped needles
 e - 5 needles of confusion
 o - 4 javelins (quivered)
Jewellery
 r - a ring of stealth (left tentacle)
Scrolls
 h - 3 scrolls of identify {unknown}
 i - a scroll of magic mapping {unknown}
 j - a scroll of teleportation {unknown}
 k - a scroll of amnesia {unknown}
 l - a scroll of random uselessness {unknown}
 m - 4 scrolls of remove curse {unknown}
 n - a scroll of fear {unknown}
 p - a scroll of fog {unknown}
Comestibles
 f - 7 rations
 q - 3 chunks of flesh


   Skills:
 + Level 2.6 Fighting
 + Level 2.6 Short Blades
 + Level 2.5 Throwing
 + Level 1.9 Dodging
 * Level 6.4 Stealth


You had 3 spell levels left.
You didn't know any spells.
Your spell library was empty.

Dungeon Overview and Level Annotations

Branches:
Dungeon (3/15)

Altars:
Uskayaw


Innate Abilities, Weirdness & Mutations

You cannot wear most types of armour.
You are very stealthy in the water. (Stealth+)
You are amphibious.
You can wear up to eight rings at the same time.
You can use your tentacles to constrict eight enemies at once.
Your skin changes colour to match your surroundings (Stealth+).
Your rubbery body absorbs attacks. (AC +1, EV +1)


Message History

You are too injured to fight recklessly!
You are too injured to fight recklessly!
You are too injured to fight recklessly!
You are too injured to fight recklessly!
You are too injured to fight recklessly!
You are too injured to fight recklessly!
You are too injured to fight recklessly!
You are too injured to fight recklessly!
You are too injured to fight recklessly!
You are too injured to fight recklessly!
Unknown command.
You release your grip on the orc priest.
The orc priest calls down the wrath of Beogh upon you.
Beogh smites you!
* * * LOW HITPOINT WARNING * * *
It was a potion of agility.
You feel agile all of a sudden.
The orc priest calls down the wrath of Beogh upon you.
Beogh smites you!
You die...

........#
.......o# #
......r.#######..
#
.......>'........
#
#.o....#.######..
#
#......o.o.......
#
#......#o..####..
###.
##.######o..#
....
........@...##
.##
##########...# .#
#..........# .# #
########..##
.####.#
#######..#
......###
#........#
......#.#
#.##...#.#
.######.#
#.##...#.# .#
#.####.##...#..


You could see 2 orc priests and an orc.

Vanquished Creatures
  A bullfrog zombie (D:3)
  2 adders
  2 oozes (D:1)
  A dart slug (D:2)
  2 giant cockroaches (D:1)
  9 goblins
  5 hobgoblins
  6 bats
  A frilled lizard (D:1)
  A kobold (D:1)
  6 rats
36 creatures vanquished.

Notes
Turn   | Place    | Note
-------+----------+-------------------------------------------
     0 | D:1      | Gadfly the Octopode Assassin began the quest for the Orb.
     0 | D:1      | Reached XP level 1. HP: 14/14 MP: 1/1
   266 | D:1      | Reached XP level 2. HP: 19/19 MP: 2/2
   608 | D:1      | Reached XP level 3. HP: 24/24 MP: 3/3
  1171 | D:2      | Reached skill level 6 in Stealth
  1333 | D:2      | Found a hide-covered altar of Uskayaw.
  1376 | D:3      | Reached XP level 4. HP: 30/30 MP: 4/4
  1455 | D:3      | Killed from afar by an orc priest

Skill      XL: |  1  2  3 |
---------------+----------+-----
Stealth        | 6 |  6.4
Fighting       | |  2.6
Short Blades   | |  2.6
Throwing       | |  2.5
Dodging        | |  1.9

Action                   |  1- 3 |  4- 6 || total
-------------------------+-------+-------++-------
Melee: Dagger            |    41 |    10 ||    51
       Tentacles         |     6 |     3 ||     9
       Constrict         |     7 |     3 ||    10
  Use: Potion            |       |     1 ||     1
 Stab: Sleeping          |    20 |     2 ||    22
  Eat: Chunk             |     1 |     1 ||     2
Armor: Skin              |     1 |     2 ||     3
Dodge: Dodged            |    16 |     4 ||    20
